 Dungeon Crawl Stone Soup version 0.26-a0-597-gb535b0901c (webtiles) character file.

Game seed: 5432154850481454273

(classic levelgen) 10787 EnegeticOcto the Cleaver (level 11, -6/100 HPs)
             Began as a Deep Dwarf Fighter on Aug 25, 2020.
             Was a Priest of Makhleb.
             Mangled by an alligator simulacrum (8 damage)
             ... in an ice cave.
             The game lasted 00:04:26 (5089 turns).

EnegeticOcto the Cleaver (Deep Dwarf Fighter)       Turns: 5089, Time: 00:04:26

Health: -6/100     AC: 17    Str: 20    XL:     11   Next: 40%
Magic:  12/12      EV:  5    Int: 15    God:    Makhleb [***...]
Gold:   481        SH: 16    Dex: 12    Spells: 10/10 levels left

rFire    . . .     SeeInvis .   a - +0 broad axe
rCold    . . .     Faith    .   h - +5 kite shield "Qiosi" {Harm Str-2 Int+5 Stlth+}
rNeg     . . .     Spirit   .   E - +0 plate armour
rPois    .         Reflect  .   (no helmet)
rElec    .         Harm     +   g - +2 cloak
rCorr    +                      (no gloves)
MR       +....                  (no boots)
Stlth    ..........             (no amulet)
HPRegen  0.00/turn              (no ring)
MPRegen  0.13/turn              o - ring of resist corrosion

@: non-regenerating
A: damage resistance, heal wounds, sense surroundings 2, no regeneration
a: Heal Wounds, Minor Destruction, Lesser Servant of Makhleb, Renounce Religion


You were in an ice cave.
You worshipped Makhleb.
Makhleb was most pleased with you.
You visited 2 branches of the dungeon, and saw 12 of its levels.
You also visited: Ice Cave.

You collected 581 gold pieces.
You spent 100 gold pieces at shops.

Inventory:

Hand Weapons
 a - a +0 broad axe (weapon)
 i - a +0 war axe
Missiles
 v - 4 throwing nets (quivered)
Armour
 c - a +1 kite shield
 g - a +2 cloak (worn)
 h - the +5 kite shield "Qiosi" (worn) {Harm Str-2 Int+5 Stlth+}
   (You found it on level 8 of the Dungeon)

   It affects your strength (-2).
   It affects your intelligence (+5).
   It increases damage dealt and taken.
   It makes you more stealthy.
 E - a +0 plate armour (worn)
Jewellery
 o - a ring of resist corrosion (right hand)
 q - a +4 ring of protection {unknown}
Wands
 r - a wand of iceblast (7)
 x - a wand of paralysis (11)
 z - a wand of polymorph (26)
Scrolls
 b - a scroll of immolation {@r4}
 f - a scroll of magic mapping {@r5}
 p - 3 scrolls of remove curse {@r2}
 t - a scroll of teleportation {@r3}
 w - a scroll of enchant armour
 y - a scroll of random uselessness {unknown}
 B - a scroll of blinking
Potions
 d - 3 potions of might {@q3}
 e - 2 potions of mutation {unknown}
 j - 4 potions of flight
 k - 5 potions of curing {unknown}
 l - a potion of stabbing {unknown}
 m - a potion of ambrosia {unknown}
 n - 2 potions of cancellation
 s - a potion of magic
 u - 6 potions of degeneration {unknown}
 A - a potion of lignification {unknown}
 D - a potion of resistance {@q6}


   Skills:
 + Level 7.4 Fighting
 * Level 11.6 Axes
 + Level 9.0 Armour
 + Level 8.8 Shields
 + Level 6.3 Invocations
 + Level 6.3 Evocations


You had 10 spell levels left.
You didn't know any spells.
Your spell library contained the following spells:

 Spells                   Type           Power        Failure   Level
 Apportation              Tloc           #.....       100%        1
 Sting                    Tmut/Pois      #...         100%        1
 Poisonous Vapours        Pois/Air       #.....       100%        2
 Confusing Touch          Hex            #.......     100%        3
 Gell's Gravitas          Tloc           #.........   100%        3
 Ignite Poison            Fire/Tmut/Pois #.......     100%        3
 Lesser Beckoning         Tloc           #.........   100%        3
 Mephitic Cloud           Conj/Pois/Air  #.......     100%        3
 Tukima's Dance           Hex            #.......     100%        3
 Olgreb's Toxic Radiance  Pois           #.......     100%        4
 Petrify                  Tmut/Erth      #.......     100%        4
 Alistair's Intoxication  Tmut/Pois      #........    100%        5
 Metabolic Englaciation   Hex/Ice        #.........   100%        5
 Yara's Violent Unravell  Hex/Tmut       #.........   100%        5
 Invisibility             Hex            #.......     100%        6


Dungeon Overview and Level Annotations

Branches:
Dungeon (11/15)            Temple (1/1) D:7             Orc (0/2) D:11
  IceCv (1/1)
   Lair: D:8-11

Altars:
Ashenzari
Cheibriados
Dithmenos
Fedhas
Gozag
Hepliaklqana
Kikubaaqudgha
Makhleb
Nemelex Xobeh
Okawaru
Qazlal
Ru
Sif Muna
Trog
Uskayaw
Yredelemnul
Zin
The Shining One

Shops:
D:7 !

Annotations:
D:6 Prince Ribbit
D:9 2 transporters, Ekkokoib's ghost, novice MiFi
D:10 1 exclusion


Innate Abilities, Weirdness & Mutations

You are resistant to damage.
You can heal yourself by infusing magical energy.
You passively map the area around you.
You do not regenerate.


Message History

The wyvern zombie bites you but does no damage.
You completely miss the ice beast.
The ice beast is severely wounded.
You slash the wyvern zombie!
You destroy the wyvern zombie!
Makhleb accepts your kill.
You hit the ice beast.
The ice beast hits you but does no damage.
You block the ice beast's attack. The ice beast completely misses you.
You hit the ice beast.
The ice beast is almost dead.
You slash the ice beast!
You kill the ice beast!
Makhleb accepts your kill.
You feel better.
The ice beast hits you but does no damage.
You slash the ice beast!
You kill the ice beast!
Makhleb accepts your kill.
No target in view!
No target in view!
No target in view!
No target in view!
No target in view!
No target in view!
No target in view!
No target in view!
No target in view!
No target in view!
No target in view!
No target in view!
No target in view!
No target in view!
No target in view!
No target in view!
No target in view!
No target in view!
No target in view!
No target in view!
No target in view!
No target in view!
Found a ring of resist corrosion and a scroll of enchant armour.
Found a staircase to the Orcish Mines.
There is a frozen archway here.
The world spins around you as you enter the gateway.
You enter an ice cave! 4 simulacra come into view.
Found an ice covered gate leading back out of this place.
There is an ice choked empty arch of ancient stone here.
Okay, then.
Evoke which item? (* to show all) (? for menu, Esc to quit)
Aiming: Paralyse
Press: ? - help, Shift-Dir - straight line, f - elephant simulacrum
Aim: an elephant simulacrum (chance to defeat MR: 71%)
The elephant simulacrum struggles to resist.
The polar bear simulacrum bites you but does no damage.
You block the polar bear simulacrum's attack.
The polar bear simulacrum claws you but does no damage.
You slice the polar bear simulacrum!!
The polar bear simulacrum vapourises!
Makhleb accepts your kill.
You hit the elephant simulacrum. The elephant simulacrum tramples you!
The elephant simulacrum freezes you!
The elephant simulacrum trunk-slaps you but does no damage.
You slash the elephant simulacrum!
The elephant simulacrum is severely damaged.
You hit the elephant simulacrum.
You block the elephant simulacrum's attack.
The elephant simulacrum closely misses you.
The elephant simulacrum tramples you but does no damage.
The elephant simulacrum trunk-slaps you but does no damage.
You slash the elephant simulacrum!
The elephant simulacrum vapourises!
Makhleb accepts your kill.
You feel better.
Your Armour skill increases to level 9!
You slash the elephant simulacrum!
You block the elephant simulacrum's attack. x2
You slash the elephant simulacrum!
The elephant simulacrum is severely damaged.
You block the elephant simulacrum's attack. x2
You hit the elephant simulacrum.
The elephant simulacrum is almost destroyed.
You hit the alligator simulacrum but do no damage.
You block the alligator simulacrum's attack.
The alligator simulacrum tail-slaps you.
The alligator simulacrum freezes you!!
You hit the elephant simulacrum but do no damage.
The elephant simulacrum is almost destroyed.
You hit the alligator simulacrum. The alligator simulacrum bites you.
The alligator simulacrum freezes you!!
* * * LOW HITPOINT WARNING * * *
You block the alligator simulacrum's attack.
The elephant simulacrum tramples you.
* * * LOW HITPOINT WARNING * * *
The elephant simulacrum freezes you!!
* * * LOW HITPOINT WARNING * * *
The elephant simulacrum trunk-slaps you but does no damage.
The alligator simulacrum bites you!
You die...

, ,.## ,,
*#.. ,
##... * ,
##... ≈**
, , #...#
≈ ...## ≈
, , #ZZ.#
≈ ,, ,
##@..##*≈
* *
##.....##
**
#...∩...#
*
#.......#
##..∩..##*
* ##...##*
##### *≈≈≈
* ≈ * *


You could see an alligator simulacrum and an elephant simulacrum.

Vanquished Creatures
  Harold (D:7)
  2 two-headed ogres
  Pikel (D:9)
  A cyclops (D:11)
  Joseph (D:8)
  Maggie (D:9)
  A troll (D:10)
  2 hippogriffs
  4 yaks (D:10)
  A steam dragon (D:9)
  9 ice beasts
  A black bear (D:6)
  A hornet zombie (D:10)
  3 orc warriors
  7 ogres
  4 sky beasts
  5 phantoms
  2 lemures (D:9)
  5 centaurs
  A crocodile (D:7)
  2 big kobolds
  6 bullfrogs
  A wyvern zombie (D:11)
  3 scorpions
  An elephant simulacrum (IceCv)
  9 killer bees
  10 wights
  6 howler monkeys
  A centaur zombie (D:10)
  A bullfrog zombie (D:11)
  3 jellies (D:10)
  A quasit (D:7)
  6 orc priests
  2 hounds
  5 orc wizards
  Crazy Yiuf (D:5)
  4 bullfrog skeletons
  2 iguanas (D:9)
  Ijyb (D:5)
  A polar bear simulacrum (IceCv)
  2 worker ants
  2 hound zombies
  3 hound skeletons
  4 gnolls (D:10)
  A worker ant zombie (D:6)
  11 adders
  5 ufetubi
  An ooze (D:6)
  An adder skeleton (D:5)
  A dart slug (D:4)
  3 leopard geckos
  23 orcs
  A ball python (D:5)
  7 giant cockroaches
  2 goblins
  15 jackals
  4 quokkas
  4 frilled lizards
  A jackal skeleton (D:6)
  15 kobolds
  A leopard gecko skeleton (D:4)
  A quokka skeleton (D:6)
  A quokka zombie (D:6)
228 creatures vanquished.

Vanquished Creatures (others)
  24 fungi (D:11)
  26 plants (D:11)
50 creatures vanquished.

Grand Total: 278 creatures vanquished

Notes
Turn   | Place    | Note
-------+----------+-------------------------------------------
     0 | D:1      | EnegeticOcto the Deep Dwarf Fighter began the quest for the
                  | Orb.
     0 | D:1      | Reached XP level 1. HP: 20/20 MP: 1/1
    56 | D:2      | Reached XP level 2. HP: 24/27 MP: 2/2
   162 | D:3      | Reached skill level 3 in Axes
   162 | D:3      | Reached XP level 3. HP: 17/33 MP: 3/3
   269 | D:3      | Found a snail-covered altar of Cheibriados.
   374 | D:3      | Reached XP level 4. HP: 42/42 MP: 4/4
   385 | D:3      | Reached skill level 4 in Axes
   385 | D:3      | Reached XP level 5. HP: 40/49 MP: 5/5
   530 | D:4      | Noticed an ogre
   538 | D:4      | Killed an ogre
   613 | D:4      | Reached XP level 6. HP: 55/56 MP: 5/5
   635 | D:4      | Found a shattered altar of Ashenzari.
   716 | D:4      | Reached skill level 5 in Axes
   990 | D:5      | Entered Level 5 of the Dungeon
  1007 | D:5      | Noticed Ijyb
  1059 | D:5      | Killed Ijyb
  1146 | D:5      | Reached XP level 7. HP: 55/64 MP: 6/6
  1285 | D:5      | Reached skill level 5 in Armour
  1285 | D:5      | Reached skill level 5 in Shields
  1386 | D:5      | Reached skill level 6 in Axes
  1428 | D:5      | Found a runed translucent door.
  1429 | D:5      | Noticed Crazy Yiuf
  1556 | D:5      | Killed Crazy Yiuf
  1678 | D:6      | Reached XP level 8. HP: 45/73 MP: 7/7
  1702 | D:6      | Reached skill level 7 in Axes
  1796 | D:6      | Reached skill level 5 in Fighting
  2094 | D:6      | Found a shadowy altar of Dithmenos.
  2094 | D:6      | Noticed Prince Ribbit
  2116 | D:6      | Reached skill level 8 in Axes
  2173 | D:7      | Noticed Harold
  2202 | D:7      | Killed Harold
  2202 | D:7      | Gained mutation: You passively map the area around you.
                  | [Deep Dwarf growth]
  2202 | D:7      | Reached XP level 9. HP: 52/82 MP: 7/7
  2234 | D:7      | Reached skill level 9 in Axes
  2254 | D:7      | Found a staircase to the Ecumenical Temple.
  2269 | Temple   | Entered the Ecumenical Temple
  2300 | Temple   | Became a worshipper of Makhleb the Destroyer
  2376 | D:7      | Found a sparkling altar of Nemelex Xobeh.
  2443 | D:7      | Reached skill level 1 in Evocations
  2452 | D:7      | Reached skill level 1 in Invocations
  2795 | D:7      | Found Luonius's Distillery.
  2801 | D:7      | Bought a potion of resistance for 100 gold pieces
  3073 | D:8      | Noticed Joseph
  3081 | D:8      | Reached * piety under Makhleb
  3113 | D:8      | Killed Joseph
  3132 | D:8      | Found a stormy altar of Qazlal.
  3329 | D:8      | Reached XP level 10. HP: 77/92 MP: 10/10
  3545 | D:8      | Reached skill level 10 in Axes
  3708 | D:8      | Noticed a two-headed ogre
  3716 | D:8      | Killed a two-headed ogre
  3726 | D:8      | Got a warped kite shield
  3737 | D:8      | Identified the +5 kite shield "Qiosi" {Harm Str-2 Int+5
                  | Stlth+} (You found it on level 8 of the Dungeon)
  3790 | D:8      | Found a sacrificial altar of Ru.
  3858 | D:9      | Noticed Maggie
  3875 | D:9      | HP: 2/92 [Maggie/+0 broad axe (7)]
  3884 | D:9      | Killed Maggie
  3946 | D:9      | Noticed Pikel
  3966 | D:9      | Killed Pikel
  3966 | D:9      | Reached ** piety under Makhleb
  3996 | D:9      | Found an iron altar of Okawaru.
  4029 | D:9      | Noticed Ekkokoib's ghost (novice MiFi)
  4030 | D:9      | Found a transporter.
  4030 | D:9      | Identified the +7 dire flail "Gudeigol" {pain, *Slow rF+++
                  | SInv Stlth-}
  4030 | D:9      | Noticed a two-headed ogre
  4035 | D:9      | Found a transporter.
  4042 | D:9      | Reached skill level 5 in Evocations
  4300 | D:10     | Entered Level 10 of the Dungeon
  4309 | D:10     | Reached skill level 5 in Invocations
  4377 | D:10     | Noticed a two-headed ogre
  4391 | D:10     | Killed a two-headed ogre
  4391 | D:10     | Reached skill level 11 in Axes
  4408 | D:10     | Found a stormy altar of Qazlal.
  4498 | D:10     | Reached XP level 11. HP: 73/100 MP: 13/13
  4815 | D:10     | Reached *** piety under Makhleb
  5038 | D:11     | Found a frozen archway.
  5077 | D:11     | Found a staircase to the Orcish Mines.
  5080 | IceCv    | Entered an ice cave
  5089 | IceCv    | HP: 2/100 [elephant simulacrum (23)]
  5089 | IceCv    | Mangled by an alligator simulacrum

Illustrated notes

Levels and vault maps discovered:
D:1:      erik_arrival_blinker_ship, layout_loops_ring, chequers_jeans
D:2:      minmay_angry_zag, layout_basic, nicolae_overflow_hidden_temple,
          lemuel_round_altar, serial_bayou_lagoon_a, hangedman_decor_points,
          minmay_distorted
D:3:      layout_basic, xom_butterflies, lemuel_doored_altar,
          chequers_ecumenical_altar_simple_redux
D:4:      layout_basic, nicolae_overflow_crystal_walls, nrook_campfire
D:5:      layout_basic, uniq_crazy_yiuf_cottage, uniq_ijyb
D:6:      layout_rooms, nicolae_dithmenos_through_a_glass_darkly,
          uniq_prince_ribbit1
D:7:      layout_basic, lemuel_coloured_pillars_altar,
          minmay_temple_entry_waves, serial_shops, shop, uniq_harold
D:8:      layout_loops_cross, grunt_qazlal_clouds,
          nicolae_ru_the_path_less_chosen, minmay_misc_feat_chi,
          minmay_sticks_and_stones
D:9:      layout_rooms, overflow_temple_1_default, gammafunk_ghost_smash,
          uniq_maggie, uniq_pikel
D:10:     layout_loops_cross, basic_altar, minmay_rotating_lava
D:11:     layout_rooms, due_lair_maze_entry_diamond, orc_0_dummy,
          portal_ice_cave_entry_ice_beasts, uniq_erolcha, uniq_sonja,
          uniq_fannar
Temple:   minmay_temple_bridge_abc
IceCv:    ice_cave_small_necro

Skill      XL: |  1  2  3  4  5  6  7  8  9 10 11 |
---------------+----------------------------------+-----
Axes           | 3 4 5 6 8 9 11 | 11.6
Fighting       | 3 4 5 6 7 |  7.4
Armour         | 4 5 6 7 8 9 |  9.0
Shields        | 4 5 6 7 8 |  8.8
Evocations     | 3 5 6 |  6.3
Invocations    | 3 5 6 |  6.3

Action                   |  1- 3 |  4- 6 |  7- 9 | 10-12 || total
-------------------------+-------+-------+-------+-------++-------
Melee: War axe           |    57 |   148 |   408 |    29 ||   642
       Unarmed           |       |    27 |       |       ||    27
       Broad axe         |       |       |       |   278 ||   278
 Abil: Heal Wounds       |     3 |     2 |    13 |    12 ||    30
Evoke: Wand              |       |       |       |     1 ||     1
  Use: Scroll            |       |       |    11 |     3 ||    14
       Potion            |       |       |       |     1 ||     1
 Stab: Invisible         |       |       |       |     9 ||     9
Armor: Scale mail        |    16 |       |       |       ||    16
       Chain mail        |     9 |   103 |   170 |       ||   282
       Skin              |       |     4 |       |       ||     4
       Plate armour      |       |       |    25 |   222 ||   247
Dodge: Dodged            |    16 |    39 |    70 |   101 ||   226
Block: Kite shield       |    30 |    75 |   231 |   399 ||   735

Table legend: (Time is in decaauts)
 A = Elapsed time spent in this place.
 B = Non-inter-level travel time spent in this place.
 C = Inter-level travel time spent in this place.
 D = Time resting spent in this place.
 E = Time spent auto-exploring this place.
 F = Levels seen in this place.
 G = Mean time per level.
                   A        B        C        D        E       F      G
               +--------+--------+--------+--------+--------+-----+--------+
         Total |   5255 |   4928 |    327 |      0 |   3255 |  13 |  404.2 |
       Dungeon |   5194 |   4886 |    308 |      0 |   3234 |  11 |  472.2 |
        Temple |     51 |     32 |     19 |      0 |     21 |   1 |   51.0 |
      Ice Cave |      9 |      9 |      0 |      0 |      0 |   1 |    9.0 |
               +--------+--------+--------+--------+--------+-----+--------+

Top non-repeatable levels by time:
     D:7: 837 daAuts
     D:8: 812 daAuts
    D:10: 753 daAuts
     D:5: 653 daAuts
     D:6: 582 daAuts
     D:4: 549 daAuts
     D:9: 457 daAuts
     D:3: 435 daAuts
  Temple: 51 daAuts
     D:1: 50 daAuts
    D:11: 44 daAuts
     D:2: 17 daAuts
   IceCv: 9 daAuts
